 Dungeon Crawl Stone Soup version 0.28.0-47-ge53b351184 (webtiles) character file.

Game seed: 5231103558659841270

2161 joe1234567 the Carver (level 9, 0/65 (68) HPs)
             Began as a Demonspawn Gladiator on May 9, 2022.
             Was an Elder of Okawaru.
             Slain by a wight
             ... wielding a +3 battleaxe
              (3 damage)
             ... on level 6 of the Dungeon.
             The game lasted 00:24:49 (6077 turns).

joe1234567 the Carver (Demonspawn Gladiator)        Turns: 6077, Time: 00:24:50

HP:   0/65 (68)     AC: 16    Str: 17    XL:     9   Next: 10%
MP:   9/9           EV:  7    Int: 10    God:    Okawaru [****..]
Gold: 284           SH:  0    Dex: 22    Spells: 8/8 levels left

rFire   . . .      SeeInvis .   a - +0 long sword
rCold   . . .      Faith    .   (no shield)
rNeg    . . .      Spirit   .   f - +0 plate armour
rPois   .          Reflect  .   p - +0 hat
rElec   .          Harm     .   (no cloak)
rCorr   .          Rampage  .   m - +0 pair of gloves
Will    .....                   (no boots)
Stlth   ..........              (no amulet)
HPRegen 0.20/turn               j - +6 ring of dexterity
MPRegen 0.11/turn               (no ring)

@: lightly drained
A: hooves 2, foul stench 1, sharp scales 3
a: Renounce Religion, Heroism, Finesse


You were on level 6 of the Dungeon.
You worshipped Okawaru.
Okawaru was greatly pleased with you.
You visited 1 branch of the dungeon, and saw 6 of its levels.

You collected 284 gold pieces.

Inventory:

Hand Weapons
 a - a +0 long sword (weapon)
Missiles
 d - 3 throwing nets
Armour
 b - a +0 leather armour
 c - a +0 helmet
 f - a +0 plate armour (worn)
 m - a +0 pair of gloves (worn)
 p - a +0 hat (worn)
Jewellery
 j - a +6 ring of dexterity (left hand)
Scrolls
 g - a scroll of vulnerability (quivered) {unknown}
 h - a scroll of amnesia {unknown}
 i - 4 scrolls of teleportation
 k - 2 scrolls of magic mapping
 r - a scroll of brand weapon
 u - a scroll of noise {unknown}
Potions
 e - 6 potions of haste
 l - 2 potions of resistance {unknown}
 n - 2 potions of magic {unknown}
 o - a potion of heal wounds {unknown}
 q - a potion of brilliance {unknown}
 s - a potion of berserk rage {unknown}
 t - a potion of lignification {unknown}
 v - a potion of attraction {unknown}


   Skills:
 + Level 5.0 Fighting
 + Level 8.7 Long Blades
 + Level 1.9 Throwing
 + Level 5.3 Armour
 + Level 3.2 Dodging
 + Level 0.5 Stealth


You had 8 spell levels left.
You didn't know any spells.
Your spell library contained the following spells:

 Spells                   Type           Power      Damage    Failure   Level
 Orb of Destruction       Conj           0%         9d5       100%        7
 Summon Guardian Golem    Hex/Summ       Unusable   N/A       N/A         3
 Spellforged Servitor     Conj/Summ      Unusable   N/A       N/A         7

Dungeon Overview and Level Annotations

Branches:
Dungeon (6/15)
 Temple: D:4-7

Altars:
Dithmenos
Hepliaklqana
Okawaru
Uskayaw
Vehumet

Shops:
D:3 ?   D:5 :


Innate Abilities, Weirdness & Mutations

You have hoof-like feet.
You may rarely emit foul miasma when damaged in melee.
You are completely covered in razor-sharp scales. (AC +3, Slay +3)


Message History

You see here 17 stones.
Found 3 poisoned darts and an arbalest.
A wight comes into view. It is wielding a +5 spear.
A wight comes into view. It is wielding a +2 falchion.
A wight comes into view. It is wielding a +3 battleaxe.
A wight comes into view. It is wielding a +2 trident.
The wight hits you but does no damage.
You slash the wight! Your kick misses the wight.
The wight is heavily damaged.
The wight hits you with a +5 spear.
You slash the wight!
You destroy the wight!
Okawaru accepts your kill.
You hit the wight. You kick the wight!
The wight is heavily damaged.
The wight completely misses you.
You hit the wight.
The wight is severely damaged.
The wight hits you but does no damage. The wight barely misses you.
The wight hits you but does no damage. The wight barely misses you.
The wight hits you but does no damage.
Things that are here:
a +5 spear; a +0 robe You closely miss the wight.
You kick the wight, but do no damage. The wight hits you but does no damage.
The wight barely misses you. The wight hits you but does no damage.
You slash the wight! You kick the wight.
The wight is severely damaged.
The wight hits you with a +2 falchion. The wight hits you with a +3 battleaxe!
* * * LOW HITPOINT WARNING * * *
The wight barely misses you.
You slash the wight!
You destroy the wight!
Okawaru accepts your kill. The wight hits you with a +2 falchion.
* * * LOW HITPOINT WARNING * * *
You feel drained. The wight hits you with a +3 battleaxe!
* * * LOW HITPOINT WARNING * * *
You feel drained.
You die...

###########
#####.........#
......#######.#
####..# #.# #..#
#.# #(.#
#.#######.# #..#
#####..zz.....#
#..#
#.......@)....#
#.)#
#.##########....
...# . ...
####.# ....###
#..... #...#


You could see 2 wights.

Vanquished Creatures
  Grinder (D:4)
  Sigmund (D:5)
  A water moccasin (D:6)
  The ghost of Hrothgar the Firebug, an amateur FeFE (D:4)
  A sky beast (D:5)
  2 necrophages
  2 black bears
  3 ogres
  A centaur (D:5)
  A bullfrog (D:4)
  A wyvern zombie (D:5)
  A scorpion (D:5)
  A water moccasin zombie (D:6)
  A water moccasin skeleton (D:5)
  2 wights (D:6)
  4 jellies
  An orc priest (D:3)
  2 hounds
  A centaur skeleton (D:6)
  2 bullfrog skeletons
  2 iguanas
  A howler monkey skeleton (D:4)
  3 adders
  3 gnolls (D:4)
  A shadow imp (D:6)
  2 worms
  A dart slug (D:4)
  13 orcs
  7 endoplasms
  6 giant cockroaches
  7 goblins
  3 hobgoblins
  10 jackals
  7 kobolds
  2 quokkas
  6 ball pythons
  4 bats
  3 frilled lizards
  7 rats
118 creatures vanquished.

Vanquished Creatures (others)
  2 withered plants (D:4)
2 creatures vanquished.

Grand Total: 120 creatures vanquished

Notes
Turn   | Place    | Note
-------+----------+-------------------------------------------
     0 | D:1      | joe1234567 the Demonspawn Gladiator began the quest for the
                  | Orb.
     0 | D:1      | Reached XP level 1. HP: 16/16 MP: 1/1
   256 | D:1      | Gained mutation: You have large cloven feet. [demonic
                  | ancestry]
   256 | D:1      | Reached XP level 2. HP: 9/22 MP: 2/2
   393 | D:1      | Reached skill level 3 in Long Blades
   912 | D:1      | Gained mutation: You are partially covered in razor-sharp
                  | scales. (AC +1, Slay +1) [demonic ancestry]
   912 | D:1      | Reached XP level 3. HP: 26/27 MP: 3/3
  1244 | D:2      | Reached skill level 1 in Armour
  1601 | D:2      | Found a faded altar of an unknown god.
  1626 | D:2      | Prayed at the altar of an unknown god.
  1626 | D:2      | Became a worshipper of Warmaster Okawaru
  1626 | D:2      | Reached * piety under Okawaru
  1677 | D:2      | Reached XP level 4. HP: 34/34 MP: 4/4
  2496 | D:3      | Reached skill level 4 in Long Blades
  2584 | D:3      | Found Itai's Magic Scroll Shoppe.
  2978 | D:3      | Reached XP level 5. HP: 16/39 MP: 5/5
  3582 | D:4      | Reached skill level 5 in Long Blades
  3582 | D:4      | Gained mutation: You are mostly covered in razor-sharp
                  | scales. (AC +2, Slay +2) [demonic ancestry]
  3582 | D:4      | Reached XP level 6. HP: 28/46 MP: 6/6
  3623 | D:4      | Reached ** piety under Okawaru
  3866 | D:4      | Gained mutation: You have hoof-like feet. [demonic
                  | ancestry]
  3866 | D:4      | Reached XP level 7. HP: 40/52 MP: 7/7
  3901 | D:4      | Reached skill level 6 in Long Blades
  3959 | D:4      | Noticed Grinder
  3979 | D:4      | Killed Grinder
  4068 | D:4      | Found a runed translucent door.
  4203 | D:4      | Noticed Hrothgar's ghost (amateur FeFE)
  4483 | D:4      | Killed Hrothgar's ghost
  4484 | D:4      | Reached skill level 7 in Long Blades
  4484 | D:4      | Gained mutation: You are completely covered in razor-sharp
                  | scales. (AC +3, Slay +3) [demonic ancestry]
  4484 | D:4      | Reached XP level 8. HP: 58/60 MP: 8/8
  4562 | D:5      | Entered Level 5 of the Dungeon
  4563 | D:5      | Found a shadowy altar of Dithmenos.
  4891 | D:5      | Reached *** piety under Okawaru
  4945 | D:5      | HP: 2/60 [wyvern zombie (5)]
  5271 | D:5      | Found Fewiud's Self-Improvement Boutique.
  5392 | D:5      | Found a hazy altar of Hepliaklqana.
  5693 | D:5      | Noticed Sigmund
  5713 | D:5      | Killed Sigmund
  5714 | D:5      | Reached skill level 8 in Long Blades
  5838 | D:6      | Found a hide-covered altar of Uskayaw.
  5891 | D:6      | Reached **** piety under Okawaru
  5892 | D:6      | Reached skill level 5 in Armour
  5912 | D:6      | Gained mutation: You may rarely emit foul miasma when
                  | damaged in melee. [demonic ancestry]
  5912 | D:6      | Reached XP level 9. HP: 14/67 MP: 9/9
  6000 | D:6      | Found a radiant altar of Vehumet.
  6018 | D:6      | Reached skill level 5 in Fighting
  6077 | D:6      | HP: 3/67 [wight/+3 battleaxe (12)]
  6077 | D:6      | Slain by a wight

Illustrated notes

Levels and vault maps discovered:
D:1:      wander_arrival_desolate, layout_basic
D:2:      layout_basic, ebering_ecumenical_altar_sacrificial
D:3:      layout_basic, serial_shops, shop, minmay_puff
D:4:      layout_loops_cross, gammafunk_ghost_grave, uniq_grinder
D:5:      layout_basic, grunt_dithmenos_smoke_and_mirrors,
          mainiacjoe_overflow_paths, nicolae_shop_self_help, uniq_sigmund
D:6:      layout_loops_ring, mainiacjoe_overflow_cross_hatched,
          mainiacjoe_overflow_concentric_impassable, serial_shops,
          kennysheep_mini

Skill      XL: |  1  2  3  4  5  6  7  8  9 |
---------------+----------------------------+-----
Long Blades    | 3 4 5 7 8 |  8.7
Dodging        | 3 |  3.2
Armour         | 1 2 3 5 |  5.3
Fighting       | 3 4 5 |  5.0
Throwing       | |  1.9
Stealth        | |  0.5

Action                   |  1- 3 |  4- 6 |  7- 9 || total
-------------------------+-------+-------+-------++-------
Melee: Long sword        |    93 |   127 |   155 ||   375
       Kick              |    16 |    34 |    57 ||   107
       Punch             |       |     1 |     6 ||     7
  Use: Scroll            |       |     1 |     5 ||     6
 Stab: Distracted        |       |       |     1 ||     1
Armor: Leather armour    |    10 |       |       ||    10
       Plate armour      |   101 |   164 |   119 ||   384
Dodge: Dodged            |    42 |    72 |    67 ||   181
